 Dungeon Crawl Stone Soup version 0.26-a0-540-g8a0c9464d7 (webtiles) character file.

Game seed: 7202149330509648524

409 MalarOregon the Charlatan (level 6, -2/53 HPs)
             Began as a Draconian Artificer on Aug 19, 2020.
             Slain by a howler monkey (3 damage)
             ... on level 4 of the Dungeon.
             The game lasted 00:07:53 (5202 turns).

MalarOregon the Charlatan (Draconian Artificer)     Turns: 5202, Time: 00:07:53

Health: -2/53      AC:  6    Str: 14    XL:     6   Next: 58%
Magic:  6/6        EV: 14    Int: 13    God:
Gold:   187        SH:  0    Dex: 12    Spells: 5/5 levels left

rFire    . . .     SeeInvis .   f - -1 hand axe (curse)
rCold    . . .     Faith    .   (no shield)
rNeg     + . .     Spirit   .   (armour unavailable)
rPois    .         Reflect  .   (helmet restricted)
rElec    .         Harm     .   (no cloak)
rCorr    .                      (no gloves)
MR       .....                  (no boots)
Stlth    +.........             (no amulet)
HPRegen  0.17/turn              q - ring of positive energy
MPRegen  0.10/turn              (no ring)

@: no status effects
A: unfitting armour, cold-blooded, AC +6
a: no special abilities


You were on level 4 of the Dungeon.
You visited 1 branch of the dungeon, and saw 4 of its levels.

You collected 187 gold pieces.

Inventory:

Hand Weapons
 f - a cursed -1 hand axe (weapon)
   (You found it on level 1 of the Dungeon)
 k - a +1 mace of draining
   (You found it on level 2 of the Dungeon)
 s - a +3 vorpal hand axe
   (You took it off an orc on level 2 of the Dungeon)
Jewellery
 q - a ring of positive energy (left hand)
   (You found it on level 3 of the Dungeon)
Wands
 c - a wand of enslavement (13)
 d - a wand of random effects (12)
 i - a wand of polymorph (11)
   (You found it on level 2 of the Dungeon)
 v - a wand of digging (3)
   (You took it off Ijyb on level 3 of the Dungeon)
Scrolls
 e - 2 scrolls of teleportation {@r4}
 g - 6 scrolls of identify {@r1}
 h - a scroll of magic mapping
Potions
 a - a potion of might
 b - 2 potions of flight {unknown}
 j - a potion of brilliance {unknown}
 l - a potion of magic {unknown}
 o - a potion of cancellation {unknown}
 p - a potion of invisibility {unknown}
 r - a potion of stabbing {unknown}


   Skills:
 + Level 4.3 Fighting
 + Level 4.1 Dodging
 - Level 0.8 Stealth
 + Level 4.9 Evocations


You had 5 spell levels left.
You didn't know any spells.
Your spell library contained the following spells:

 Spells                   Type           Power        Failure   Level
 Confusing Touch          Hex            #.......     67%         3
 Gell's Gravitas          Tloc           #.........   67%         3
 Petrify                  Tmut/Erth      #.......     97%         4
 Metabolic Englaciation   Hex/Ice        #.........   100%        5
 Yara's Violent Unravell  Hex/Tmut       #.........   100%        5


Dungeon Overview and Level Annotations

Branches:
Dungeon (4/15)
 Temple: D:4-7

Altars:
Hepliaklqana
Okawaru
Wu Jian

Shops:
D:4 (=


Innate Abilities, Weirdness & Mutations

Your plain brown scales are hard. (AC +6)
You cannot fit into any form of body armour.
You are cold-blooded and may be slowed by cold attacks.


Message History

The jackal bites you but does no damage.
The jackal closely misses you. The jackal misses you.
You barely miss the jackal. You hit the jackal. The jackal closely misses you.
An iguana comes into view.
The jackal bites you.
The jackal bites you but does no damage.
You hit the jackal.
You kill the jackal!
You barely miss the howler monkey. You closely miss the jackal.
The jackal bites you but does no damage. x2
The howler monkey hits you but does no damage.
You closely miss the jackal. You barely miss the howler monkey.
The jackal barely misses you. The howler monkey barely misses you.
The jackal bites you but does no damage.
The howler monkey hoots and howls with incredible vigour!
You hear a shout!
You hear a bark!
You hear a shout!
You hit the jackal.
You kill the jackal!
You hit the howler monkey.
The howler monkey hoots and howls with incredible vigour!
The iguana bites you.
You barely miss the howler monkey. You hit the iguana but do no damage.
The howler monkey completely misses you.
The iguana bites you! The howler monkey hits you.
* * * LOW HITPOINT WARNING * * *
Unknown command.
You hit the howler monkey. You hit the iguana.
The howler monkey closely misses you. The iguana barely misses you.
Unknown command.
You hit the howler monkey. You hit the iguana.
The howler monkey hits you but does no damage.
The iguana barely misses you. The howler monkey barely misses you.
You barely miss the howler monkey. You hit the iguana. The iguana bites you.
* * * LOW HITPOINT WARNING * * *
The howler monkey barely misses you. The iguana completely misses you.
You hit the howler monkey. You closely miss the iguana.
The howler monkey misses you.
An orc comes into view.
An orc comes into view. It is wielding a +0 hand axe.
The iguana bites you!
* * * LOW HITPOINT WARNING * * *
The howler monkey closely misses you.
You hit the howler monkey but do no damage.
You hit the iguana but do no damage. The howler monkey hits you.
* * * LOW HITPOINT WARNING * * *
The iguana bites you!
* * * LOW HITPOINT WARNING * * *
An orc comes into view. It is wielding a +0 dagger.
The howler monkey hits you.
You die...

...........#
.##.##.#.#.# .####
##.##.#.#.# $....
..........# ...#
##.##.#...# ..#
#.##.##.#...#
#.####.##.##.#...#
###l†..#.##.##.#...#
.##.#.h@....ooo.........
......).................
###.#####.∩#.#..##.##..#
# ##.#.#..##).....
####.........<#...
#......#.........>
#......##.#####.#.
#......##.♣## #.#.
#............ #.#.


You could see a howler monkey, an iguana and 3 orcs.

Vanquished Creatures
  A phantom (D:3)
  A scorpion (D:3)
  A worker ant (D:4)
  Ijyb (D:3)
  7 adders
  2 gnolls (D:3)
  2 oozes
  2 worms
  2 dart slugs
  3 leopard geckos
  8 orcs
  4 bats (D:2)
  4 giant cockroaches
  11 goblins
  6 hobgoblins
  4 jackals (D:4)
  4 kobolds
  4 quokkas
  2 ball pythons
  9 frilled lizards
  3 rats
81 creatures vanquished.

Vanquished Creatures (collateral kills)
  A gnoll (D:3)
  A leopard gecko (D:3)
2 creatures vanquished.

Vanquished Creatures (others)
  A gnoll (D:3)
1 creature vanquished.

Grand Total: 84 creatures vanquished

Notes
Turn   | Place    | Note
-------+----------+-------------------------------------------
     0 | D:1      | MalarOregon the Draconian Artificer began the quest for the
                  | Orb.
     0 | D:1      | Reached XP level 1. HP: 16/16 MP: 1/1
   498 | D:1      | Reached XP level 2. HP: 16/24 MP: 2/2
  1042 | D:2      | Reached XP level 3. HP: 28/29 MP: 3/3
  1785 | D:2      | Reached XP level 4. HP: 37/37 MP: 4/4
  1804 | D:2      | Found a hazy altar of Hepliaklqana.
  2739 | D:3      | Found an iron altar of Okawaru.
  2749 | D:3      | Reached XP level 5. HP: 36/45 MP: 5/5
  2934 | D:3      | Noticed Ijyb
  2960 | D:3      | Killed Ijyb
  3775 | D:3      | Found an ornate altar of the Wu Jian Council.
  3892 | D:3      | Reached XP level 6. HP: 46/52 MP: 6/6
  4513 | D:4      | Found Dibil's Jewellery Boutique.
  5159 | D:4      | Found Qewitwis's Antique Weapon Shoppe.
  5202 | D:4      | HP: 1/53 [iguana (10)]
  5202 | D:4      | Slain by a howler monkey

Illustrated notes

Levels and vault maps discovered:
D:1:      saegor_arrival_under_anarchy, layout_basic
D:2:      layout_loops_cross, overflow_temple_1_default,
          minmay_indecisive_spiral
D:3:      layout_loops_ring, nicolae_overflow_crystal_walls,
          overflow_temple_1_default, uniq_ijyb
D:4:      layout_basic, kennysheep_mini_moat, overflow_temple_1_default,
          marbit_many_paths, serial_shops, shop, nicolae_shop_trees,
          nicolae_shop_competitors_out_of_business, nicolae_shop_behind_doors

Skill      XL: |  1  2  3  4  5  6 |
---------------+-------------------+-----
Fighting       | 2 3 4 |  4.3
Dodging        | 3 4 |  4.1
Evocations     | 4 |  4.9
Stealth        | |  0.8

Action                   |  1- 3 |  4- 6 || total
-------------------------+-------+-------++-------
Melee: Hand axe          |    98 |   295 ||   393
       Tailslap          |     7 |    33 ||    40
Evoke: Wand              |    11 |    10 ||    21
  Use: Scroll            |     4 |     4 ||     8
       Potion            |     1 |       ||     1
 Stab: Sleeping          |     3 |     3 ||     6
Armor: Skin              |    30 |    75 ||   105
Dodge: Dodged            |    72 |   237 ||   309

Table legend: (Time is in decaauts)
 A = Elapsed time spent in this place.
 B = Non-inter-level travel time spent in this place.
 C = Inter-level travel time spent in this place.
 D = Time resting spent in this place.
 E = Time spent auto-exploring this place.
 F = Levels seen in this place.
 G = Mean time per level.
                   A        B        C        D        E       F      G
               +--------+--------+--------+--------+--------+-----+--------+
         Total |   5325 |   5235 |     90 |   2007 |   2256 |   4 | 1331.2 |
       Dungeon |   5325 |   5235 |     90 |   2007 |   2256 |   4 | 1331.2 |
               +--------+--------+--------+--------+--------+-----+--------+

Top non-repeatable levels by time:
     D:3: 2125 daAuts
     D:2: 1917 daAuts
     D:1: 708 daAuts
     D:4: 573 daAuts
